 Dungeon Crawl Stone Soup version 0.27-a0-1434-g6f15984924 (webtiles) character file.

Game seed: 278246808147009185

99 funkygono the Shield-Bearer (level 4, -2/41 HPs)
             Began as a Gnoll Fighter on July 3, 2021.
             Succumbed to an orc's poison
             ... on level 3 of the Dungeon.
             The game lasted 00:04:21 (2250 turns).

funkygono the Shield-Bearer (Gnoll Fighter)         Turns: 2250, Time: 00:04:22

Health: -2/41      AC:  9    Str: 16    XL:     4   Next: 72%
Magic:  5/5        EV:  8    Int:  8    God:
Gold:   87         SH: 10    Dex: 11    Spells: 5/5 levels left

rFire    . . .     SeeInvis .   m - +2 short sword (flame)
rCold    . . .     Faith    .   c - +0 kite shield
rNeg     . . .     Spirit   .   b - +0 scale mail
rPois    .         Reflect  .   (no helmet)
rElec    .         Harm     .   (no cloak)
rCorr    .         Rampage  .   e - +0 pair of gloves
Will     .....                  (no boots)
Stlth    ..........             (no amulet)
HPRegen  0.13/turn              (no ring)
MPRegen  0.09/turn              (no ring)

@: lethally poisoned (-2 -> -28)
A: fangs 1, strong nose, distributed training
a: no special abilities


You were on level 3 of the Dungeon.
You visited 1 branch of the dungeon, and saw 6 of its levels.

You collected 87 gold pieces.

Inventory:

Hand Weapons
 a - a +0 long sword
 g - a +0 vampiric dagger
 j - a +2 dagger of flaming
 m - a +2 short sword of flaming (weapon)
Missiles
 f - a datura-tipped dart (quivered)
 n - 15 poisoned darts
Armour
 b - a +0 scale mail (worn)
 c - a +0 kite shield (worn)
 e - a +0 pair of gloves (worn)
Scrolls
 h - a scroll of teleportation
 k - 2 scrolls of identify
Potions
 d - a potion of might
 i - 2 potions of mutation {unknown}
 l - a potion of haste {unknown}
 o - a potion of lignification {unknown}


   Skills:
 + Level 6.6 Fighting
 + Level 1.2 Short Blades
 + Level 4.7 Long Blades
 + Level 1.2 Axes
 + Level 1.2 Maces & Flails
 + Level 1.2 Polearms
 + Level 1.2 Staves
 + Level 1.2 Slings
 + Level 1.2 Bows
 + Level 1.2 Crossbows
 + Level 1.2 Throwing
 + Level 6.6 Armour
 + Level 1.2 Dodging
 + Level 1.2 Stealth
 + Level 6.6 Shields
 + Level 1.2 Unarmed Combat
 + Level 1.2 Spellcasting
 + Level 1.0 Conjurations
 + Level 1.0 Hexes
 + Level 1.0 Summonings
 + Level 1.0 Necromancy
 + Level 1.0 Translocations
 + Level 1.0 Transmutations
 + Level 1.0 Fire Magic
 + Level 1.0 Ice Magic
 + Level 1.0 Air Magic
 + Level 1.0 Earth Magic
 + Level 1.0 Poison Magic
 + Level 1.3 Invocations
 + Level 1.2 Evocations


You had 5 spell levels left.
You didn't know any spells.
Your spell library contained the following spells:

 Spells                   Type           Power      Damage    Failure   Level
 Blink                    Tloc           N/A        N/A       98%         2
 Poisonous Vapours        Pois/Air       4%         N/A       98%         2
 Ignite Poison            Fire/Tmut/Pois 2%         N/A       100%        3
 Mephitic Cloud           Conj/Pois/Air  2%         N/A       100%        3
 Bolt of Magma            Conj/Fire/Erth 1%         4d4       100%        5
 Freezing Cloud           Conj/Ice/Air   1%         6-21      100%        5


Dungeon Overview and Level Annotations

Branches:
Dungeon (6/15)
 Temple: D:4-7

Altars:
Elyvilon


Innate Abilities, Weirdness & Mutations

You have very sharp teeth.
Your uncanny sense of smell can sniff out nearby items.
Your experience applies equally to all skills.


Message History

You are poisoned.
The orc hits you but does no damage. You block the orc's attack.
You closely miss the orc.
You feel sick. You block the orc's attack. You block the bat's attack.
The orc hits you but does no damage. The orc closely misses you.
You hit the orc. You burn the orc. Your bite misses the orc.
The orc is heavily wounded.
You feel sick. You block the bat's attack.
The adder bites you but does no damage. The orc barely misses you.
You block the orc's attack.
You closely miss the adder.
You feel sick. The bat hits you but does no damage.
You block the adder's attack. The orc hits you but does no damage.
You are more poisoned.
The orc closely misses you. The adder bites you.
You closely miss the adder.
You feel very sick. The bat closely misses you.
The orc hits you with a +1 short sword of venom.
You are more poisoned.
The adder bites you but does no damage. The orc closely misses you.
You hit the adder. You burn the adder.
The adder is heavily wounded.
You feel very sick. You block the bat's attack. The adder barely misses you.
The orc hits you but does no damage.
You are lethally poisoned!
You block the orc's attack. The adder closely misses you.
The orc hits you with a +1 short sword of venom.
You are more poisoned.
You miss the adder.
The adder is heavily wounded.
* * * LOW HITPOINT WARNING * * *
You feel extremely sick. The orc hits you with a +0 flail.
* * * LOW HITPOINT WARNING * * *
You block the bat's attack. The adder bites you but does no damage.
The orc barely misses you. You block the orc's attack.
You barely miss the adder.
The adder is heavily wounded.
You die...

∆ # ∆ ###.
....##
......######
#.......(..#
#.....oo...#
#......@)..#
#......S...#
###.....>b.#
#..........#
#.#........#
...........#
#...........
..#........#.
.##...........


You could see an adder, 2 orcs and a bat.

Vanquished Creatures
  Jessica (D:2)
  An adder (D:2)
  2 dart slugs (D:1)
  A worm (D:2)
  An orc (D:3)
  A bat (D:1)
  5 endoplasms
  3 giant cockroaches
  4 goblins
  2 hobgoblins (D:1)
  4 jackals (D:2)
  5 kobolds
  3 quokkas
  7 ball pythons
  A frilled lizard (D:1)
  5 rats
46 creatures vanquished.

Vanquished Creatures (collateral kills)
  2 orcs (D:3)
  A hobgoblin (D:1)
  A bat (D:1)
  2 rats
6 creatures vanquished.

Vanquished Creatures (others)
  A plant (D:4)
1 creature vanquished.

Grand Total: 53 creatures vanquished

Notes
Turn   | Place    | Note
-------+----------+-------------------------------------------
     0 | D:1      | funkygono the Gnoll Fighter began the quest for the Orb.
     0 | D:1      | Reached XP level 1. HP: 23/23 MP: 1/1
   268 | D:1      | Reached XP level 2. HP: 20/29 MP: 2/2
   768 | D:1      | Reached XP level 3. HP: 35/35 MP: 3/3
  1268 | D:2      | Reached skill level 1 in Invocations
  1275 | D:2      | Found a white marble altar of Elyvilon.
  1300 | D:2      | Noticed Jessica
  1337 | D:2      | Killed Jessica
  1338 | D:2      | Reached skill level 1 in Short Blades
  1338 | D:2      | Reached skill level 1 in Axes
  1338 | D:2      | Reached skill level 1 in Maces & Flails
  1338 | D:2      | Reached skill level 1 in Polearms
  1338 | D:2      | Reached skill level 1 in Staves
  1338 | D:2      | Reached skill level 1 in Slings
  1338 | D:2      | Reached skill level 1 in Bows
  1338 | D:2      | Reached skill level 1 in Crossbows
  1338 | D:2      | Reached skill level 1 in Throwing
  1338 | D:2      | Reached skill level 1 in Dodging
  1338 | D:2      | Reached skill level 1 in Stealth
  1338 | D:2      | Reached skill level 1 in Unarmed Combat
  1338 | D:2      | Reached skill level 1 in Spellcasting
  1338 | D:2      | Reached skill level 1 in Evocations
  1338 | D:2      | Reached XP level 4. HP: 30/41 MP: 5/5
  1431 | D:2      | Got Jessica's Incunabulum of Orientation
  1629 | D:2      | Reached skill level 1 in Conjurations
  1629 | D:2      | Reached skill level 1 in Hexes
  1629 | D:2      | Reached skill level 1 in Summonings
  1629 | D:2      | Reached skill level 1 in Necromancy
  1629 | D:2      | Reached skill level 1 in Translocations
  1629 | D:2      | Reached skill level 1 in Transmutations
  1629 | D:2      | Reached skill level 1 in Fire Magic
  1629 | D:2      | Reached skill level 1 in Ice Magic
  1629 | D:2      | Reached skill level 1 in Air Magic
  1629 | D:2      | Reached skill level 1 in Earth Magic
  1629 | D:2      | Reached skill level 1 in Poison Magic
  2068 | D:3      | You fall into a shaft and drop 3 floors!
  2076 | D:5      | Entered Level 5 of the Dungeon
  2250 | D:3      | Succumbed to an orc's poison

Illustrated notes

Levels and vault maps discovered:
D:1:      nagdon_arrival_zigzag_paths, layout_basic
D:2:      minmay_general_purpose_star, layout_rooms, serial_forest,
          infiniplex_forest_straight_1, infiniplex_forest_clump_small,
          infiniplex_forest_clump_large, infiniplex_forest_lined_2,
          infiniplex_forest_clump_long, infiniplex_forest_lined_ring,
          infiniplex_forest_straight_5, basic_altar, kennysheep_jessica_study
D:3:      layout_rooms, cheibriados_altar_1, okawaru_trees_1,
          shapermc_ecumenical_altar_mp_urbaneastern, serial_shops, shop_statue
D:4:      layout_cave_pods, nicolae_wooded_promenade, serial_bayou_lagoon_a
D:5:      layout_layer_cave, grunt_ministairs_4
D:6:      layout_basic, makhleb_heckhound_becter, kiku_gazebo_pond_becter,
          evilmike_ruin_ashenzari, minmay_temple_entry_nine_rooms,
          minmay_gold_behind_fungi

Skill      XL: |  1  2  3  4 |
---------------+-------------+-----
Invocations    | 1 |  1.3
Short Blades   | 1 |  1.2
Axes           | 1 |  1.2
Maces & Flails | 1 |  1.2
Polearms       | 1 |  1.2
Staves         | 1 |  1.2
Slings         | 1 |  1.2
Bows           | 1 |  1.2
Crossbows      | 1 |  1.2
Throwing       | 1 |  1.2
Dodging        | 1 |  1.2
Stealth        | 1 |  1.2
Unarmed Combat | 1 |  1.2
Spellcasting   | 1 |  1.2
Evocations     | 1 |  1.2
Conjurations   | 1 |  1.0
Hexes          | 1 |  1.0
Summonings     | 1 |  1.0
Necromancy     | 1 |  1.0
Translocations | 1 |  1.0
Transmutations | 1 |  1.0
Fire Magic     | 1 |  1.0
Ice Magic      | 1 |  1.0
Air Magic      | 1 |  1.0
Earth Magic    | 1 |  1.0
Poison Magic   | 1 |  1.0
Fighting       | |  6.6
Long Blades    | |  4.7
Armour         | |  6.6
Shields        | |  6.6

Action                   |  1- 3 |  4- 6 || total
-------------------------+-------+-------++-------
Melee: Long sword        |    58 |       ||    58
       Bite              |     8 |     4 ||    12
       Dagger            |    27 |     4 ||    31
       Short sword       |       |    47 ||    47
Throw: Dart              |     9 |     3 ||    12
  Use: Scroll            |     1 |     2 ||     3
 Stab: Distracted        |     1 |       ||     1
Armor: Scale mail        |    59 |    27 ||    86
Dodge: Dodged            |    25 |    33 ||    58
Block: Kite shield       |    55 |    48 ||   103
       Rpst.: Long sword |     2 |       ||     2

Table legend: (Time is in decaauts)
 A = Elapsed time spent in this place.
 B = Non-inter-level travel time spent in this place.
 C = Inter-level travel time spent in this place.
 D = Time resting spent in this place.
 E = Time spent auto-exploring this place.
 F = Levels seen in this place.
 G = Mean time per level.
                   A        B        C        D        E       F      G
               +--------+--------+--------+--------+--------+-----+--------+
         Total |   2285 |   2221 |     64 |      0 |   1734 |   6 |  380.8 |
       Dungeon |   2285 |   2221 |     64 |      0 |   1734 |   6 |  380.8 |
               +--------+--------+--------+--------+--------+-----+--------+

Top non-repeatable levels by time:
     D:1: 1246 daAuts
     D:2: 892 daAuts
     D:5: 78 daAuts
     D:3: 39 daAuts
     D:4: 20 daAuts
     D:6: 7 daAuts
